 Dungeon Crawl Stone Soup version 0.28-a0-983-g1de4e0787c (webtiles) character file.

Game seed: 16582330590980254052

26306 demibob the Brawler (level 12, -13/124 HPs)
             Began as a Demonspawn Chaos Knight on Dec 2, 2021.
             Was a Plaything of Xom.
             Mangled by Jorgrun (24 damage)
             ... on level 13 of the Dungeon on Dec 3, 2021.
             The game lasted 00:35:11 (15587 turns).

demibob the Brawler (Demonspawn Chaos Knight)      Turns: 15587, Time: 00:35:12

Health: -13/124    AC:  6    Str: 17    XL:     12   Next: 97%
Magic:  0/18       EV: 16    Int: 14    God:    Xom [....*.]
Gold:   744        SH:  0    Dex: 13    Spells: 16/19 levels left

rFire   . . .      SeeInvis +     - Unarmed
rCold   . . .      Faith    .   (no shield)
rNeg    . . .      Spirit   +   k - +0 acid dragon scales
rPois   .          Reflect  .   (helmet unavailable)
rElec   .          Harm     .   (no cloak)
rCorr   +          Rampage  .   (no gloves)
Will    .....                   y - +0 pair of boots
Stlth   ..........              l - amulet of guardian spirit
HPRegen 1.10/turn               E - +4 ring of evasion
MPRegen 0.16/turn               v - ring of see invisible

@: berserking, grasped by roots, constricted, unable to read, very quick
A: claws 2, horns 3, ignite blood 2, demonic magic 1, weakness stinger 2,
iridescent scales 1, deformed body, regeneration 1, inability to read while
threatened
a: Renounce Religion


You were on level 13 of the Dungeon.
You worshipped Xom.
You were a beloved toy of Xom.
You visited 1 branch of the dungeon, and saw 13 of its levels.

You collected 744 gold pieces.


Innate Abilities, Weirdness & Mutations

You have very sharp fingernails.
You have a pair of large horns on your head.
Your demonic aura often causes spilled blood to erupt in flames.
Spells you cast may paralyse adjacent enemies.
You have a tail ending in a sharp stinger.
You are partially covered in iridescent scales. (AC +2)
Armour fits poorly on your strangely shaped body.
Your natural rate of healing is unusually fast.
You sometimes lose the ability to read scrolls when taking damage.


   Skills:
 + Level 4.2 Fighting
 - Level 3.2 Polearms
 - Level 1.5 Throwing
 - Level 2.0 Armour
 - Level 9.2 Dodging
 + Level 15.3 Unarmed Combat
 - Level 4.2 Spellcasting
 - Level 8.0 Hexes


You had 16 spell levels left.
You knew the following spells:

 Your Spells              Type           Power      Damage    Failure   Level
c - Confusing Touch       Hex            25%        N/A       2%          3

Your spell library contained the following spells:

 Spells                   Type           Power      Damage    Failure   Level
 Slow                     Hex            100%       N/A       1%          1
 Ensorcelled Hibernation  Hex/Ice        28%        N/A       7%          2
 Inner Flame              Hex/Fire       14%        N/A       14%         3
 Portal Projectile        Hex/Tloc       28%        N/A       14%         3
 Animate Skeleton         Necr           4%         N/A       26%         1
 Foxfire                  Conj/Fire      8%         2x1d4     26%         1
 Freeze                   Ice            8%         1d3       26%         1
 Pain                     Necr           8%         1d4       26%         1
 Blink                    Tloc           4%         N/A       36%         2
 Static Discharge         Conj/Air       2%         N/A       36%         2
 Fulminant Prism          Conj/Hex       7%         3d7       43%         4
 Leda's Liquefaction      Hex/Erth       7%         N/A       43%         4
 Call Canine Familiar     Summ           2%         N/A       58%         3
 Conjure Flame            Conj/Fire      2%         6-21      58%         3
 Frozen Ramparts          Ice            4%         1d2       58%         3
 Spider Form              Tmut/Pois      2%         N/A       58%         3
 Vampiric Draining        Necr           2%         2d6       58%         3
 Metabolic Englaciation   Hex/Ice        7%         N/A       78%         5
 Silence                  Hex/Air        7%         N/A       78%         5
 Yara's Violent Unravell  Hex/Tmut       7%         3d5       78%         5
 Dispel Undead            Necr           2%         3d7       94%         4
 Flame Wave               Conj/Fire      2%         2d4       94%         4
 Hailstorm                Conj/Ice       2%         3d3       94%         4
 Sticky Flame             Conj/Fire      2%         2d3       94%         4
 Manifold Assault         Tloc           2%         N/A       100%        5
 Storm Form               Tmut/Air       1%         N/A       100%        7
 Maxwell's Capacitive Co  Air            1%         ∞         100%        8

Inventory:

Hand Weapons
 a - a +1 spear of protection
Missiles
 g - 5 curare-tipped darts (quivered) {=f}
 h - 47 poisoned darts
Armour
 b - a +3 leather armour
 k - +0 acid dragon scales (worn)
 y - a +0 pair of boots (worn)
Magical Staves
 m - a staff of cold {!a}
Jewellery
 l - an amulet of guardian spirit (around neck)
 v - a ring of see invisible (right claw)
 E - a +4 ring of evasion (left claw)
 R - a ring of resist corrosion
Wands
 i - a wand of digging (8)
 n - a wand of paralysis (9)
 t - a wand of flame (1)
Scrolls
 e - a scroll of enchant weapon
 f - 9 scrolls of teleportation {@r2}
 p - 2 scrolls of immolation
 r - 3 scrolls of fog
 s - a scroll of summoning
 x - a scroll of amnesia
Potions
 c - 2 potions of resistance
 q - a potion of invisibility
 u - a potion of cancellation
 w - 3 potions of attraction
 z - a potion of brilliance
Miscellaneous
 d - a phantom mirror (inert)

Dungeon Overview and Level Annotations

Branches:
Dungeon (13/15)            Temple (0/1) D:5            Lair (0/6) D:9
    Orc (0/2) D:9
 Vaults: D:13-14

Altars:
Okawaru
Xom

Annotations:
D:3 3 runed translucent doors, mainiacjoe's ghost, amateur OpBr
D:13 Jorgrun

......... #.c.......#
........# .c.......#
........# ........#
#(####### .......
#..?...## ....
######..# ####.)#
#######.## #...☼c#
.........# ####c#g.####
.........# #(...@☼§...#
.........###....°.....#
.........#.'..........#
.........#.#..........#
.........#.#..........#
......................#
.........###..........#
....[....# #..........#
.######### #..........#


You could see Jorgrun and 2 centaurs.


Message History

Jorgrun is moderately wounded.
Jorgrun gestures at you while chanting.
Roots burst forth from the earth!
The grasping roots grab you! The grasping roots constrict you!
* * * LOW HITPOINT WARNING * * *
You closely miss Jorgrun. Your headbutt misses Jorgrun. You tail-slap Jorgrun.
Jorgrun is moderately wounded.
The centaur hits you.
* * * LOW HITPOINT WARNING * * *
The centaur barely misses you.
You mangle Jorgrun!! Your headbutt misses Jorgrun. Your claw misses Jorgrun.
Jorgrun is heavily wounded.
The centaur hits you.
* * * LOW HITPOINT WARNING * * *
The centaur completely misses you.
Jorgrun is engulfed in blazing flames.
Jorgrun hits you with a +0 vorpal quarterstaff.
* * * LOW HITPOINT WARNING * * *
x2 The grasping roots constrict you.
* * * LOW HITPOINT WARNING * * *
You closely miss Jorgrun.
Your tail-slap misses Jorgrun.
You claw Jorgrun.
Jorgrun is severely wounded.
The centaur hits you but does no damage.
The centaur kicks you but does no damage.
You barely miss Jorgrun.
Jorgrun is severely wounded.
Jorgrun is engulfed in blazing flames.
Jorgrun hits you with a +0 vorpal quarterstaff!!
You die...
Xom giggles madly!

Skill      XL: |  1  2  3  4  5  6  7  8  9 10 11 12 |
---------------+-------------------------------------+-----
Polearms       | 3 |  3.2
Unarmed Combat | 1 2 3 5 6 8 10 12 14 15 | 15.3
Throwing       | 1 |  1.5
Armour         | 2 |  2.0
Dodging        | 3 6 9 |  9.2
Hexes          | 3 5 8 |  8.0
Spellcasting   | 3 4 |  4.2
Fighting       | 4 |  4.2

Action                   |  1- 3 |  4- 6 |  7- 9 | 10-12 || total
-------------------------+-------+-------+-------+-------++-------
Melee: Spear             |   112 |    51 |       |       ||   163
       Headbutt          |    11 |    19 |    36 |    96 ||   162
       Tailslap          |     4 |    12 |    28 |    63 ||   107
       Punch             |     1 |       |     7 |    35 ||    43
       Unarmed           |       |    71 |   215 |   397 ||   683
Throw: Dart              |     4 |     5 |     4 |    60 ||    73
 Cast: Confusing Touch   |       |       |       |    13 ||    13
Evoke: Wand              |       |     1 |    10 |    12 ||    23
       Phantom mirror    |       |       |       |     1 ||     1
  Use: Potion            |     2 |     2 |     4 |    14 ||    22
       Scroll            |       |     4 |     8 |    11 ||    23
 Stab: Sleeping          |     3 |       |       |       ||     3
       Paralysed         |     2 |     2 |       |    10 ||    14
       Confused          |       |     1 |       |     7 ||     8
       Petrified         |       |       |       |     8 ||     8
       Petrifying        |       |       |       |     1 ||     1
Armor: Leather armour    |    30 |    32 |    46 |    46 ||   154
       Skin              |       |       |     7 |       ||     7
       Acid dragon scale |       |       |       |    20 ||    20
Dodge: Dodged            |    44 |    58 |   118 |   185 ||   405

Levels and vault maps discovered:
D:1:      minmay_arrival_glassed_features, layout_basic,
          dreamdust_ecumenical_altar_drowned_temple
D:2:      layout_loops_ring
D:3:      layout_rooms, gammafunk_ghost_split
D:4:      layout_rooms
D:5:      layout_basic, okawaru_altar_gauntlet_db, lemuel_temple_firewalk_b,
          minmay_quadrilaterals
D:6:      layout_basic
D:7:      layout_basic, centaur_isle
D:8:      layout_cave_pools, hangedman_abyss_or_decor_slice
D:9:      statuecave_lemuel, layout_rooms, due_lair_maze_entry_diamond,
          david_orc_2
D:10:     layout_basic, bh_circular_ruins
D:11:     minmay_the_grid_triangle_9x9_rhombus_full
          [minmay_the_grid_triangle_9x9_semitri,
          minmay_the_grid_triangle_9x9_swiss_cheese,
          minmay_the_grid_triangle_9x9_dagger,
          minmay_the_grid_triangle_9x9_subtriangle,
          minmay_the_grid_triangle_9x9_odd_lines,
          minmay_the_grid_triangle_9x9_corrupted_corridor,
          minmay_the_grid_triangle_9x9_checkered,
          minmay_the_grid_triangle_9x9_prize_top_heavy], layout_basic
D:12:     layout_roguey, uniq_rupert
D:13:     layout_roguey, grunt_vaults_entry_tiered, uniq_frances, uniq_jorgrun

Notes
Turn   | Place    | Note
-------+----------+-------------------------------------------
     0 | D:1      | demibob the Demonspawn Chaos Knight began the quest for the
                  | Orb.
     0 | D:1      | Reached XP level 1. HP: 18/18 MP: 1/1
   109 | D:1      | Found a faded altar of an unknown god.
   174 | D:1      | XOM: silly message
   179 | D:1      | Reached skill level 3 in Polearms
   192 | D:1      | XOM: divination: detect items
   254 | D:1      | You feel monstrous as your demonic heritage exerts itself.
   254 | D:1      | Discovered your monstrous ancestry.
   254 | D:1      | Gained mutation: You have a pair of small horns on your
                  | head. [demonic ancestry]
   254 | D:1      | Reached XP level 2. HP: 24/24 MP: 2/2
   405 | D:1      | Reached skill level 1 in Unarmed Combat
   492 | D:1      | XOM: silly message
   615 | D:2      | XOM: divination: detect items
   997 | D:2      | XOM: noise
  1040 | D:2      | Gained mutation: You have a small tail. [demonic ancestry]
  1040 | D:2      | Reached XP level 3. HP: 28/29 MP: 3/3
  1102 | D:2      | XOM: noise
  1162 | D:2      | XOM: silly message
  1186 | D:2      | Reached skill level 2 in Unarmed Combat
  1652 | D:3      | Gained mutation: You have a pair of horns on your head.
                  | [demonic ancestry]
  1652 | D:3      | Reached XP level 4. HP: 31/35 MP: 4/4
  1746 | D:3      | XOM: silly message
  1754 | D:3      | Reached skill level 3 in Unarmed Combat
  1761 | D:2      | XOM: silly message
  1863 | D:2      | XOM: silly message
  2151 | D:3      | Gained mutation: You have sharp fingernails. [demonic
                  | ancestry]
  2151 | D:3      | Reached XP level 5. HP: 33/41 MP: 5/5
  2159 | D:3      | Reached skill level 4 in Unarmed Combat
  2348 | D:3      | Found a runed translucent gate.
  2348 | D:3      | Found a runed translucent gate.
  2348 | D:3      | Noticed mainiacjoe's ghost (amateur OpBr)
  2349 | D:3      | Found a runed translucent gate.
  2357 | D:3      | Noticed an ogre
  2492 | D:3      | You fall into a shaft and drop 1 floor!
  2632 | D:3      | XOM: cloud trail
  2750 | D:3      | XOM: divination: magic mapping
  2964 | D:4      | XOM: divination: detect items
  2975 | D:4      | Reached skill level 5 in Unarmed Combat
  2975 | D:4      | Gained mutation: Your demonic aura sometimes causes spilled
                  | blood to erupt in flames. [demonic ancestry]
  2975 | D:4      | Reached XP level 6. HP: 34/47 MP: 6/6
  3130 | D:4      | XOM: cast spell 'Olgreb's Toxic Radiance'
  3404 | D:5      | Entered Level 5 of the Dungeon
  3404 | D:5      | Noticed an ice beast
  3414 | D:4      | XOM: silly message
  3419 | D:4      | XOM: butterfly on damage
  3424 | D:4      | Killed an ice beast
  3425 | D:4      | Reached skill level 6 in Unarmed Combat
  3849 | D:5      | Gained mutation: Your demonic aura often causes spilled
                  | blood to erupt in flames. [demonic ancestry]
  3849 | D:5      | Reached XP level 7. HP: 44/52 MP: 7/7
  3947 | D:5      | XOM: silly message
  3991 | D:5      | Reached skill level 7 in Unarmed Combat
  4426 | D:5      | XOM: summons friendly iron imp
  4440 | D:5      | Reached skill level 8 in Unarmed Combat
  4440 | D:5      | Gained mutation: You have a tail ending in a sharp stinger.
                  | [demonic ancestry]
  4440 | D:5      | Reached XP level 8. HP: 38/58 MP: 8/8
  4506 | D:5      | XOM: noise
  4752 | D:5      | Reached skill level 9 in Unarmed Combat
  4856 | D:5      | Identified 2 potions of resistance
  4881 | D:5      | Found an iron altar of Okawaru.
  4916 | D:5      | Found a staircase to the Ecumenical Temple.
  5413 | D:6      | XOM: potion effect (might)
  5435 | D:6      | Reached skill level 10 in Unarmed Combat
  5788 | D:6      | XOM: god gift: scroll labelled QEHA XAEVI {god gift}
  6042 | D:6      | Gained mutation: Spells you cast may paralyse adjacent
                  | enemies. [demonic ancestry]
  6042 | D:6      | Reached XP level 9. HP: 62/63 MP: 9/9
  6476 | D:7      | XOM: give mutations
  6476 | D:7      | Gained mutation: You are clumsy. (Dex -2) [Xom's mischief]
  6476 | D:7      | Gained mutation: Armour fits poorly on your strangely
                  | shaped body. [Xom's mischief]
  6476 | D:7      | Gained mutation: You are weak. (Str -2) [Xom's mischief]
  6481 | D:7      | Reached skill level 11 in Unarmed Combat
  6709 | D:7      | XOM: god gift: 25 gold pieces
  6868 | D:7      | XOM: confuse monster(s)
  7017 | D:7      | XOM: enchant monster (bad)
  7078 | D:7      | XOM: 8-stop teleportation journey
  7116 | D:7      | XOM: summons 4 hostile shadow creatures
  7338 | D:7      | Reached skill level 12 in Unarmed Combat
  7418 | D:7      | XOM: divination: detect items
  7798 | D:8      | XOM is BORED!
  7798 | D:8      | XOM: 1-stop teleportation journey
  7811 | D:8      | Noticed a troll
  7811 | D:8      | XOM: enchant monster (bad)
  7814 | D:8      | XOM: polymorph howler monkey -> boggart
  7823 | D:8      | Killed a troll
  7865 | D:8      | XOM: cast spell 'Statue Form'
  8084 | D:8      | Reached XP level 10. HP: 53/70 MP: 7/10
  8131 | D:7      | XOM: silly message
  8146 | D:7      | XOM: cloud trail
  8152 | D:7      | XOM: noise
  8313 | D:8      | XOM is BORED!
  8313 | D:8      | XOM: noise
  8358 | D:8      | Reached skill level 13 in Unarmed Combat
  8363 | D:8      | XOM: blink monster(s)
  8575 | D:8      | XOM: cloud trail
  8720 | D:9      | Noticed a two-headed ogre
  8734 | D:9      | Killed a two-headed ogre
  8826 | D:9      | Found a staircase to the Orcish Mines.
  8826 | D:9      | XOM: 4-stop teleportation journey
  9177 | D:9      | XOM: 2-stop teleportation journey
  9470 | D:9      | Reached skill level 14 in Unarmed Combat
  9474 | D:9      | XOM: god gift: thick smoking staff {god gift}
  9532 | D:9      | Found a staircase to the Lair.
  9604 | D:9      | Reached skill level 1 in Throwing
  9633 | D:9      | XOM: polymorph orc warrior -> iguana
  9651 | D:9      | Noticed a two-headed ogre
  9891 | D:9      | Reached skill level 2 in Armour
  9932 | D:9      | XOM: 1-stop teleportation journey
 10104 | D:9      | Learned a level 3 spell: Confusing Touch
 10124 | D:9      | Reached skill level 1 in Dodging
 10280 | D:9      | XOM is BORED!
 10280 | D:9      | XOM: noise
 10371 | D:9      | XOM: silly message
 10636 | D:9      | XOM: divination: detect creatures
 10641 | D:9      | XOM: confuse monster(s)
 10644 | D:9      | XOM: noise
 10651 | D:9      | Reached skill level 1 in Hexes
 10655 | D:9      | XOM: summons friendly shadow imp
 10657 | D:9      | Reached skill level 2 in Dodging
 10687 | D:9      | XOM is BORED!
 10687 | D:9      | XOM: enchant monster (bad)
 10695 | D:9      | Killed a two-headed ogre
 10696 | D:9      | Reached skill level 2 in Hexes
 10951 | D:9      | XOM: scenery: summon butterflies
 11099 | D:10     | Entered Level 10 of the Dungeon
 11298 | D:10     | Noticed a two-headed ogre
 11312 | D:10     | XOM: silly message
 11317 | D:10     | Killed a two-headed ogre
 11318 | D:10     | Reached skill level 3 in Dodging
 11318 | D:10     | Reached skill level 3 in Hexes
 11318 | D:10     | Gained mutation: You have very sharp fingernails. [demonic
                  | ancestry]
 11318 | D:10     | Reached XP level 11. HP: 54/75 MP: 8/11
 11486 | D:10     | XOM: silly message
 11583 | D:10     | Noticed a two-headed ogre
 11595 | D:10     | XOM: confuse monster(s)
 11596 | D:10     | XOM: divination: detect creatures
 11599 | D:10     | XOM: noise
 11605 | D:10     | XOM: silly message
 11605 | D:10     | Killed a two-headed ogre
 11817 | D:10     | XOM: summons 2 hostile demons
 11961 | D:10     | XOM: give mutations
 11961 | D:10     | Gained mutation: You are partially covered in iridescent
                  | scales. (AC +2) [Xom's grace]
 11961 | D:10     | Gained mutation: Your natural rate of healing is unusually
                  | fast. [Xom's grace]
 11961 | D:10     | Gained mutation: You are mostly covered in iridescent
                  | scales. (AC +4) [Xom's grace]
 12028 | D:10     | XOM is BORED!
 12028 | D:10     | XOM: stat loss: -2 Str (19/21)
 12171 | D:10     | XOM: god gift: ring of resist corrosion
 12485 | D:11     | XOM: 1-stop teleportation journey
 12587 | D:11     | XOM: scenery: summon butterflies
 12681 | D:11     | Noticed a two-headed ogre
 12687 | D:11     | Killed a two-headed ogre
 12688 | D:11     | Reached skill level 4 in Dodging
 12688 | D:11     | Reached skill level 4 in Hexes
 12833 | D:11     | Noticed a deep elf pyromancer
 12843 | D:11     | Killed a deep elf pyromancer
 12844 | D:11     | Reached skill level 5 in Hexes
 12945 | D:11     | Noticed a two-headed ogre
 12953 | D:11     | Killed a two-headed ogre
 12954 | D:11     | Reached skill level 5 in Dodging
 12954 | D:11     | Reached skill level 1 in Spellcasting
 12960 | D:11     | XOM: god gift: Xom's Catalogue of the Firefly {god gift}
 12982 | D:11     | Got Xom's Catalogue of the Firefly {god gift}
 13063 | D:11     | Noticed a boulder beetle
 13081 | D:11     | Killed a boulder beetle
 13082 | D:11     | Reached skill level 15 in Unarmed Combat
 13146 | D:11     | XOM: god gift: 47 gold pieces
 13163 | D:11     | Reached skill level 2 in Spellcasting
 13479 | D:11     | XOM: divine lightning
 13525 | D:11     | Noticed a six-headed hydra
 13525 | D:11     | Noticed a centaur warrior
 13528 | D:11     | XOM: summons 8 friendly demons
 13529 | D:11     | XOM: destruction
 13532 | D:11     | Killed a six-headed hydra
 13533 | D:11     | Reached skill level 6 in Dodging
 13533 | D:11     | Reached skill level 3 in Spellcasting
 13538 | D:11     | Killed a centaur warrior
 13550 | D:11     | Found a runed translucent door.
 13680 | D:11     | XOM: divine lightning
 13681 | D:11     | Reached XP level 12. HP: 61/82 MP: 11/17
 13713 | D:11     | Noticed a two-headed ogre
 13717 | D:11     | Killed a two-headed ogre
 13718 | D:11     | Reached skill level 4 in Spellcasting
 13731 | D:11     | XOM: enchant monster (good)
 13777 | D:11     | Noticed a boulder beetle
 13796 | D:11     | Killed a boulder beetle
 13797 | D:11     | Reached skill level 7 in Dodging
 13835 | D:11     | XOM: draining
 13895 | D:11     | Noticed a centaur warrior
 13983 | D:11     | Noticed a tengu warrior
 13983 | D:11     | XOM: cleaving
 13984 | D:11     | XOM: scenery: create altars
 13992 | D:11     | Killed a tengu warrior
 13993 | D:11     | Reached skill level 6 in Hexes
 13996 | D:11     | Killed a centaur warrior
 14011 | D:11     | Noticed a boulder beetle
 14011 | D:11     | Identified the +5 spear "Vephil" {elec, rElec rN+ Dex+3}
 14011 | D:11     | Noticed an ogre mage
 14024 | D:11     | Killed a boulder beetle
 14099 | D:11     | an ogre mage changed into a floating eye
 14099 | D:11     | XOM: polymorph ogre mage -> floating eye
 14204 | D:11     | Lost mutation: You are weak. (Str -2) [potion of mutation]
 14204 | D:11     | Lost mutation: You are mostly covered in iridescent scales.
                  | (AC +4) [potion of mutation]
 14204 | D:11     | Lost mutation: You are clumsy. (Dex -2) [potion of
                  | mutation]
 14204 | D:11     | Gained mutation: You sometimes lose the ability to read
                  | scrolls when taking damage. [potion of mutation]
 14204 | D:11     | Gained mutation: You have a pair of large horns on your
                  | head. [potion of mutation]
 14300 | D:12     | Noticed Rupert
 14308 | D:12     | Killed Rupert
 14309 | D:12     | Reached skill level 8 in Dodging
 14309 | D:12     | Reached skill level 7 in Hexes
 14433 | D:12     | Noticed a boulder beetle
 14434 | D:12     | XOM: swap monsters
 14437 | D:12     | XOM: noise
 14444 | D:12     | Killed a boulder beetle
 14603 | D:12     | Noticed a two-headed ogre
 14618 | D:12     | Killed a two-headed ogre
 14673 | D:12     | XOM: torment (46/82 hp)
 14684 | D:12     | Reached skill level 8 in Hexes
 14773 | D:12     | XOM: noise
 14807 | D:12     | Noticed a two-headed ogre
 14811 | D:12     | Killed a two-headed ogre
 14811 | D:12     | Noticed a two-headed ogre
 14812 | D:12     | Reached skill level 9 in Dodging
 14820 | D:12     | XOM: confusion
 14821 | D:12     | XOM: swap monsters
 14837 | D:12     | Killed a two-headed ogre
 14957 | D:12     | Noticed a death knight
 15150 | D:12     | Killed a death knight
 15384 | D:13     | Noticed a centaur warrior
 15390 | D:13     | Killed a centaur warrior
 15391 | D:13     | XOM: torment (50/83 hp)
 15423 | D:12     | Reached skill level 4 in Fighting
 15459 | D:13     | XOM: potion effect (brilliance)
 15464 | D:13     | XOM: enchant monster (good)
 15563 | D:13     | Identified a +2 robe of resistance
 15563 | D:13     | Noticed Jorgrun
 15577 | D:13     | >>death
 15585 | D:13     | HP: 10/124 [constriction (5)]
 15587 | D:13     | Mangled by Jorgrun

Vanquished Creatures
  Rupert (D:12)
  A hydra (D:11)
  4 boulder beetles
  3 centaur warriors
  A death knight (D:12)
  10 two-headed ogres
  A tengu warrior (D:11)
  An orc knight (D:11)
  A deep elf pyromancer (D:11)
  4 cyclopes
  A komodo dragon (D:9)
  2 freezing wraiths (D:11)
  5 trolls
  3 vampires
  2 wraiths (D:12)
  11 yaks
  2 vampire mosquitoes (D:12)
  2 acid dragons (D:11)
  4 water moccasins
  5 black bears
  A floating eye (D:11)
  6 orc warriors
  An ice beast (D:4)
  2 sky beasts (D:6)
  A boggart (D:8)
  5 ogres
  A necrophage (D:5)
  12 centaurs
  4 kobold brigands
  2 bullfrogs
  3 scorpions
  A wyvern skeleton (D:6)
  A water moccasin zombie (D:5)
  An electric eel (D:9)
  4 howler monkeys
  4 centaur zombies
  6 hounds
  3 jellies
  2 gnoll shamans (D:8)
  A bullfrog skeleton (D:6)
  2 centaur skeletons (D:6)
  4 orc priests
  2 iguanas
  9 orc wizards
  A human simulacrum (D:10)
  A howler monkey zombie (D:9)
  11 gnolls
  5 adders
  3 shadow imps
  A white imp (D:5)
  An adder zombie (D:5)
  An adder skeleton (D:4)
  A dart slug (D:1)
  40 orcs
  9 endoplasms
  A giant cockroach (D:2)
  4 goblins
  7 hobgoblins
  2 quokkas
  8 ball pythons
  3 bats
  2 frilled lizards
  25 kobolds
  7 rats
  A spectral kobold (D:1)
276 creatures vanquished.

Vanquished Creatures (others)
  A wraith (D:11)
  A vampire mosquito (D:11)
  An ogre (D:5)
  An orc priest (D:11)
  A human simulacrum (D:10)
  38 fungi (D:9)
  39 plants (D:9)
82 creatures vanquished.

Grand Total: 358 creatures vanquished

Table legend: (Time is in decaauts)
 A = Elapsed time spent in this place.
 B = Non-inter-level travel time spent in this place.
 C = Inter-level travel time spent in this place.
 D = Time resting spent in this place.
 E = Time spent auto-exploring this place.
 F = Levels seen in this place.
 G = Mean time per level.
                   A        B        C        D        E       F      G
               +--------+--------+--------+--------+--------+-----+--------+
         Total |  15451 |  15045 |    406 |   3768 |   9009 |  13 | 1188.5 |
       Dungeon |  15451 |  15045 |    406 |   3768 |   9009 |  13 | 1188.5 |
               +--------+--------+--------+--------+--------+-----+--------+

Top non-repeatable levels by time:
     D:9: 2413 daAuts
    D:11: 1827 daAuts
     D:7: 1545 daAuts
     D:2: 1527 daAuts
     D:5: 1379 daAuts
    D:10: 1289 daAuts
     D:6: 1180 daAuts
    D:12: 1108 daAuts
     D:4: 914 daAuts
     D:8: 851 daAuts
     D:3: 628 daAuts
     D:1: 608 daAuts
    D:13: 178 daAuts

Table legend:
 A = Non-vault XP
 B = Vault XP
 C = Vault XP percentage of total XP
 D = Non-vault monster count
 E = Vault monster count
 F = Vault count percentage of total count
                 A         B        C        D         E       F
            +---------+---------+-------+---------+---------+-------
      Total |   22654 |   14927 |  39.7 |     222 |      55 |  19.9
            +---------+---------+-------+---------+---------+-------
        D:1 |      25 |       1 |   3.8 |      15 |       1 |   6.2
        D:2 |      43 |       0 |   0.0 |      23 |       0 |   0.0
        D:3 |     189 |       0 |   0.0 |      15 |       0 |   0.0
        D:4 |     393 |       0 |   0.0 |      15 |       0 |   0.0
        D:5 |     806 |     398 |  33.1 |      15 |      11 |  42.3
        D:6 |    1221 |       0 |   0.0 |      26 |       0 |   0.0
        D:7 |     765 |     691 |  47.5 |      22 |       6 |  21.4
        D:8 |    1199 |       0 |   0.0 |      24 |       0 |   0.0
        D:9 |    3724 |    1112 |  23.0 |      23 |      14 |  37.8
       D:10 |    2308 |      20 |   0.9 |      12 |       1 |   7.7
       D:11 |    3966 |   10925 |  73.4 |      14 |      21 |  60.0
       D:12 |    6338 |    1780 |  21.9 |      13 |       1 |   7.1
       D:13 |    1677 |       0 |   0.0 |       5 |       0 |   0.0
            +---------+---------+-------+---------+---------+-------
